 Dungeon Crawl Stone Soup version 0.29-a0-717-g6dac4ea423 (webtiles) character file.

Game seed: 8753445245404521554

56 Patoropollo the Cudgeller (level 3, 0/33 HPs)
             Began as a Minotaur Berserker on June 27, 2022.
             Was a Believer of Trog.
             Succumbed to an adder's poison
             ... on level 2 of the Dungeon.
             The game lasted 00:02:22 (1384 turns).

Patoropollo the Cudgeller (Minotaur Berserker)      Turns: 1384, Time: 00:02:23

Health: 0/33       AC:  3    Str: 23    XL:     3   Next: 71%
Magic:  2/2        EV: 12    Int:  4    God:    Trog [**....]
Gold:   51         SH:  0    Dex:  9    Spells: 2/2 levels left

rFire   . . .      SeeInvis +   a - +0 mace
rCold   . . .      Faith    .   (no shield)
rNeg    . . .      Spirit   .   k - +0 leather armour
rPois   .          Reflect  .   (helmet restricted)
rElec   .          Harm     .   (no cloak)
rCorr   .          Rampage  .   (no gloves)
Will    .....                   (no boots)
Stlth   +.........              n - amulet of regeneration
HPRegen 0.91/turn               m - ring of see invisible
MPRegen 0.08/turn               (no ring)

@: lethally poisoned (0 -> -5)
A: horns 2, retaliatory headbutt
a: Renounce Religion, Berserk, Trog's Hand


You were on level 2 of the Dungeon.
You worshipped Trog.
Trog was pleased with you.
You visited 1 branch of the dungeon, and saw 2 of its levels.

You collected 51 gold pieces.

Inventory:

Hand Weapons
 a - a +0 mace (weapon)
Armour
 k - a +0 leather armour (worn)
Jewellery
 m - a ring of see invisible (left hand)
 n - an amulet of regeneration (around neck)
Wands
 o - a wand of digging (2)
Scrolls
 d - a scroll of blinking {unknown}
 e - a scroll of fear {unknown}
 h - a scroll of poison {unknown}
 i - a scroll of enchant weapon {unknown}
 j - a scroll of immolation {unknown}
 l - a scroll of identify {unknown}
Potions
 b - 2 potions of heal wounds {unknown}
 c - 2 potions of brilliance {unknown}
 f - 2 potions of curing {unknown}
 g - a potion of lignification {unknown}


   Skills:
 + Level 4.2 Fighting
 + Level 4.3 Maces & Flails
 + Level 3.2 Armour
 + Level 2.9 Dodging


You had 2 spell levels left.
You didn't know any spells.
Your spell library was empty.

Dungeon Overview and Level Annotations

Branches:
Dungeon (2/15)

Altars:

Shops:
D:1 (


Innate Abilities, Weirdness & Mutations

You have a pair of horns on your head.
You reflexively headbutt those who attack you in melee.


Message History

You hit the frilled lizard.
You kill the frilled lizard!
Trog accepts your kill. The hobgoblin barely misses you.
You furiously retaliate!
You headbutt the hobgoblin!
You kill the hobgoblin!
Trog accepts your kill.
There is an open door, spattered with blood here.
The adder barely misses you.
You miss the adder. Your headbutt misses the adder. The adder bites you.
You are poisoned.
The adder poisons you! The adder barely misses you. You furiously retaliate!
You headbutt the adder. You miss the adder.
The adder is heavily wounded.
You feel sick. The adder closely misses you. The adder bites you.
You hit the adder. Your headbutt misses the adder.
The adder is severely wounded.
You feel sick. The adder bites you.
You are more poisoned.
The adder poisons you!
You miss the adder. Your headbutt misses the adder.
The adder is severely wounded.
You feel very sick. The adder bites you.
* * * LOW HITPOINT WARNING * * *
The adder bites you.
* * * LOW HITPOINT WARNING * * *
You are lethally poisoned!
The adder poisons you!
You hit the adder but do no damage. You punch the adder.
The adder is severely wounded.
* * * LOW HITPOINT WARNING * * *
You feel very sick. The adder bites you.
* * * LOW HITPOINT WARNING * * *
You sock the adder!
You kill the adder!
Trog accepts your kill.
You die...

..... #...# ###...#
.....# # #..># ...
#...#
....#####...######.#
........#@.........#
#......†'.#.########
####....###.# #....#
#.# #....# #.#
#....# #.# #....#
#.# #....# #.#
#....#
#.##############


There were no monsters in sight!

Vanquished Creatures
  2 adders (D:2)
  A worm (D:2)
  2 dart slugs
  4 ball pythons
  2 endoplasms
  A giant cockroach (D:1)
  4 hobgoblins
  3 jackals (D:1)
  2 quokkas (D:2)
  5 bats
  3 frilled lizards
  5 goblins (D:1)
  4 kobolds (D:1)
  3 rats
41 creatures vanquished.

Notes
Turn   | Place    | Note
-------+----------+-------------------------------------------
     0 | D:1      | Patoropollo the Minotaur Berserker began the quest for the
                  | Orb.
     0 | D:1      | Reached XP level 1. HP: 19/19 MP: 0/0
   226 | D:1      | Reached XP level 2. HP: 14/27 MP: 1/1
   585 | D:1      | Found a faded altar of an unknown god.
   715 | D:1      | Found Rietwei's Antique Weapon Boutique.
   885 | D:1      | Reached XP level 3. HP: 33/33 MP: 2/2
  1092 | D:2      | Reached ** piety under Trog
  1384 | D:2      | Succumbed to an adder's poison

Illustrated notes

Levels and vault maps discovered:
D:1:      sevenhm_arrival_forest_fort_small_4, layout_basic,
          shapermc_ecumenical_altar_mp_highgroup, serial_shops,
          nicolae_shop_waterfront, minmay_misc_feat_tiny, minmay_three_crescents
D:2:      layout_basic, basic_altar, nrook_mini_vaults, minmay_pentomino_w4

Skill      XL: |  1  2 |
---------------+-------+-----
Maces & Flails | 4 |  4.3
Fighting       | 4 |  4.2
Armour         | 3 |  3.2
Dodging        | |  2.9

Action                   || total
-------------------------++-------
Melee: Mace              ||    92
       Headbutt          ||    10
       Punch             ||     2
Invok: Berserk           ||     1
Armor: Animal skin       ||    16
       Leather armour    ||    11
Dodge: Dodged            ||    75

Table legend: (Time is in decaauts)
 A = Elapsed time spent in this place.
 B = Non-inter-level travel time spent in this place.
 C = Inter-level travel time spent in this place.
 D = Time resting spent in this place.
 E = Time spent auto-exploring this place.
 F = Levels seen in this place.
 G = Mean time per level.
                   A        B        C        D        E       F      G
               +--------+--------+--------+--------+--------+-----+--------+
         Total |   1415 |   1396 |     19 |      0 |   1134 |   2 |  707.5 |
       Dungeon |   1415 |   1396 |     19 |      0 |   1134 |   2 |  707.5 |
               +--------+--------+--------+--------+--------+-----+--------+

Top non-repeatable levels by time:
     D:1: 1096 daAuts
     D:2: 318 daAuts
